 Dungeon Crawl Stone Soup version 0.20.1-1-g8b1a95d (console) character file.

457 hilaritas the Chopper (level 7, -14/52 HPs)
             Began as a Formicid Fighter on Aug 14, 2017.
             Demolished by an orc warrior
             ... wielding a +0 trident
              (16 damage)
             ... on level 4 of the Dungeon.
             The game lasted 00:06:30 (2494 turns).

hilaritas the Chopper (Formicid Fighter)            Turns: 2494, Time: 00:06:32

Health: -14/52     AC: 12    Str: 27    XL:     7   Next: 27%
Magic:  7/7        EV:  6    Int:  8    God:
Gold:   164        SH: 11    Dex: 10    Spells: 6/6 levels left

rFire    + . .     SeeInvis +   a - +1 war axe
rCold    . . .     Gourm    +   c - +1 shield
rNeg     . . .     Faith    .   j - +0 chain mail
rPois    .         Spirit   .   (helmet unavailable)
rElec    .         Reflect  .   (no cloak)
rCorr    .         Harm     .   A - +2 pair of gloves
MR       .....                  o - +0 pair of boots
Stlth    ..........             w - amulet of the gourmand
Regen    0.2/turn               h - ring of protection from fire
MPRegen  0.1/turn               (no ring)

@: mighty, heavily drained
A: permanent stasis, dig shafts and tunnels, four strong arms, antennae 3
a: Dig, Shaft Self


You were on level 4 of the Dungeon.
You were not hungry.

You visited 1 branch of the dungeon, and saw 4 of its levels.

You collected 164 gold pieces.

Inventory:

Hand Weapons
 a - a +1 war axe (weapon)
 i - a +0 club
 y - a +0 hand axe
Armour
 c - a +1 shield (worn)
 j - a +0 chain mail (worn)
 o - a +0 pair of boots (worn)
 A - a +2 pair of gloves (worn)
Jewellery
 h - a ring of protection from fire (left hand)
 r - an uncursed amulet of faith
 w - an amulet of the gourmand (around neck)
Wands
 E - a wand of iceblast (5/15)
Scrolls
 n - 2 scrolls of identify
 p - 3 scrolls of remove curse
Potions
 k - a potion of mutation {unknown}
 l - a potion of curing {unknown}
 q - a potion of heal wounds {unknown}
 u - 2 potions of magic
 v - a potion of lignification {unknown}
 D - a potion of degeneration {unknown}
 G - a potion of berserk rage {unknown}
Comestibles
 f - 2 bread rations
 g - 3 meat rations
 s - a royal jelly


   Skills:
 - Level 3.2(2.0) Fighting
 * Level 6.6(5.3) Axes
 - Level 3.2(2.0) Armour
 + Level 5.2(3.9) Shields


You had 6 spell levels left.
You didn't know any spells.

Dungeon Overview and Level Annotations

Branches:
Dungeon (4/15)
 Temple: D:4-7

Altars:
Nemelex Xobeh


Innate Abilities, Weirdness & Mutations

You cannot be hasted, slowed, berserked, paralysed or teleported.
You can dig through walls and to a lower floor.
Your four strong arms can wield two-handed weapons with a shield.
You have a pair of large antennae on your head. (SInv)


Message History

The orc wizard blinks!
You closely miss the orc.
The orc wizard gestures wildly while chanting.
The orc wizard blinks!
You block the orc's attack.
The wight hits you from afar with an enchanted trident.
* * * LOW HITPOINT WARNING * * *
You feel drained.
You barely miss the orc. You block the orc's attack.
The wight hits you but does no damage.
You slash the orc!
You kill the orc!
The wight hits you but does no damage.
The wight hits you with an enchanted trident!
* * * LOW HITPOINT WARNING * * *
You feel drained.
* * * LOW HITPOINT WARNING * * *
The orc wizard casts a spell.
The orc wizard seems to speed up.
The orc warrior hits you from afar with a trident!
You die...

,**,%.#* #.#*
,**,...#*#.#***
,,,**.......,,*
,,,***#..#$#*,**
,,,*####.#.#*,,****##
,,,,....%..##*,,,,,.#
,,,****#....####***.# ,*,,*
##...o..####.### ,,*,***
#o.###oz@.....#*
*,*,,,**#..#*######...$#****
*,,**,,.o...,,,* *##.....,*
,,,,*,<.....,,,* ****,..(.,*
**,,,#.......,,***,,,,,...,*
*,,.........,,,,,,***,,##**
*,,.#>...>...,,,,,,,,,,,**
**,,,,,,,,,,,,,*******,,,,*
,,,***,,,,*,,,,,,,,* **,,,*


You could see an orc warrior, a wight and an orc wizard.

Vanquished Creatures
  4 wights (D:4)
  A gnoll shaman (D:3)
  An orc priest (D:3)
  An orc wizard (D:3)
  A worker ant (D:4)
  5 gnolls (D:3)
  4 adders
  4 worms (D:2)
  3 dart slugs
  7 leopard geckos
  6 orcs
  6 giant cockroaches
  6 goblins
  11 hobgoblins
  2 jackals (D:2)
  3 quokkas
  A ball python (D:3)
  6 bats
  4 frilled lizards
  4 kobolds (D:1)
  5 rats
  A plant (D:1)
86 creatures vanquished.

Notes
Turn   | Place    | Note
-------+----------+-------------------------------------------
     0 | D:1      | hilaritas the Formicid Fighter began the quest for the Orb.
     0 | D:1      | Reached XP level 1. HP: 18/18 MP: 1/1
    28 | D:1      | Reached XP level 2. HP: 20/24 MP: 2/2
   388 | D:1      | Reached XP level 3. HP: 29/29 MP: 3/3
   513 | D:1      | Reached skill level 3 in Axes
   691 | D:2      | Reached XP level 4. HP: 18/35 MP: 4/4
  1442 | D:3      | Found a sparkling altar of Nemelex Xobeh.
  1522 | D:3      | Reached skill level 4 in Axes
  1630 | D:3      | Reached XP level 5. HP: 41/41 MP: 5/5
  1781 | D:3      | Reached skill level 5 in Axes
  1788 | D:3      | Reached XP level 6. HP: 24/47 MP: 6/6
  2470 | D:4      | Reached skill level 6 in Axes
  2470 | D:4      | Reached skill level 5 in Shields
  2473 | D:4      | Noticed an orc warrior
  2473 | D:4      | Reached XP level 7. HP: 34/52 MP: 7/7
  2494 | D:4      | HP: 2/52 [wight/enchanted trident (3)]
  2494 | D:4      | Demolished by an orc warrior

Skill      XL: |  1  2  3  4  5  6 |
---------------+-------------------+-----
Shields        | 4 5 |  5.2
Axes           | 3 4 5 6 |  6.6
Fighting       | |  3.2
Armour         | |  3.2

Action                   |  1- 3 |  4- 6 |  7- 9 || total
-------------------------+-------+-------+-------++-------
Melee: War axe           |   112 |   151 |    12 ||   275
  Use: Potion            |       |     2 |       ||     2
       Scroll            |       |     9 |       ||     9
  Eat: Chunk             |       |     7 |       ||     7
Armor: Scale mail        |    28 |    52 |       ||    80
       Chain mail        |       |    13 |     8 ||    21
Dodge: Dodged            |    40 |    50 |     3 ||    93
Block: Shield            |    53 |   104 |    20 ||   177
